AoeStats
← AlibekYes

Arabia

509575805Analyzed
2v2 RM · 5d ago on Sep 27, 2026· 15m 41s· 4 players
Game mode
Random Map
Map size
Medium (4 player)
Population
200
Speed
Normal
Resources
Standard
Victory
Conquest
Starting age
Dark Age
Ending age
Imperial Age
RankedLock teamsTeams togetherTeam positionsShared explorationLock speedFull tech treeHidden civsTurbo modeCheats
Victory
Defeat
🇩🇪 Ethiopians · Germany
1192
+15
🇦🇷 Magyars · Argentina
1186
+15
🇰🇿 Britons · Kazakhstan
1184
-16
🇰🇿 Saracens · Kazakhstan
1150
-14
AlibekYes
8:48 Feudal Age
14:14 Fletching
Element
7:51 Loom
9:57 Feudal Age
LA LA LA
9:09 Feudal Age
11:48 Bloodlines
peace4world
7:22 Loom
9:43 Feudal Age
10:18 Double-Bit Axe
12:50 Wheelbarrow
Connection lost

Rejoining the realm…

Still unreachable

The connection could not be restored.

Session expired

The server has moved on; the page needs a fresh start.